 Dungeon Crawl Stone Soup version 0.24.0-1-gfbc8707 (webtiles) character file.

Game seed: 492225876527828755, levelgen mode: deterministic

452 Firecrotchwizard the Slasher (level 7, -8/49 HPs)
             Began as an Octopode Fighter on Nov 7, 2019.
             Killed from afar by an orc wizard (10 damage)
             ... with a puff of flame
             ... on level 5 of the Dungeon.
             The game lasted 00:06:56 (4235 turns).

Firecrotchwizard the Slasher (Octopode Fighter)     Turns: 4235, Time: 00:06:57

Health: -8/49      AC:  1    Str: 16    XL:     7   Next: 5%
Magic:  7/7        EV: 12    Int: 11    God:
Gold:   112        SH:  8    Dex: 12    Spells: 6/6 levels left

rFire    . . .     SeeInvis .   a - +0 long sword
rCold    . . .     Gourm    .   b - +0 shield
rNeg     . . .     Faith    .   (helmet restricted)
rPois    .         Spirit   .   (no amulet)
rElec    .         Reflect  .   (no ring)
rCorr    .         Harm     .   (no ring)
MR       .....                  (no ring)
Stlth    +++.......             (no ring)
HPRegen  0.16/turn              (no ring)
MPRegen  0.10/turn              (no ring)
                                (no ring)
                                (no ring)

@: no status effects
A: almost no armour, stealthy swim, amphibious, 8 rings, constrict 8, camouflage
1, gelatinous body 1
a: no special abilities


You were on level 5 of the Dungeon.
You were hungry.

You visited 1 branch of the dungeon, and saw 5 of its levels.

You collected 112 gold pieces.

Inventory:

Hand Weapons
 a - a +0 long sword (weapon)
Armour
 b - a +0 shield (worn)
Scrolls
 e - 2 scrolls of enchant weapon {unknown}
 f - 2 scrolls of identify {unknown}
 i - 3 scrolls of teleportation {unknown}
 j - a scroll of amnesia {unknown}
 l - a scroll of immolation {unknown}
 o - a scroll of fog {unknown}
Potions
 c - a potion of might
 g - 2 potions of agility {unknown}
 h - a potion of berserk rage {unknown}
 k - a potion of mutation {unknown}
 m - 4 potions of curing {unknown}
 n - a potion of haste {unknown}
Comestibles
 d - 6 rations
 p - 3 chunks of flesh {@w0}


   Skills:
 + Level 4.6 Fighting
 * Level 5.3 Long Blades
 + Level 3.4 Dodging
 - Level 4.0 Stealth
 - Level 3.0 Shields


You had 6 spell levels left.
You didn't know any spells.
Your spell library was empty.

Dungeon Overview and Level Annotations

Branches:
Dungeon (5/15)
 Temple: D:4-7

Altars:
Elyvilon

Annotations:
D:3 3 runed translucent doors, dragoon's ghost, amateur OpCK
D:4 exclusions: ogre and phantom
D:5 Pikel


Innate Abilities, Weirdness & Mutations

You cannot wear most types of armour.
You are very stealthy in the water. (Stealth+)
You are amphibious.
You can wear up to eight rings at the same time.
You can use your tentacles to constrict eight enemies at once.
Your skin changes colour to match your surroundings (Stealth+).
Your rubbery body absorbs attacks. (AC +1, EV +1)


Message History

The worker ant twitches its antennae in your direction.
You closely miss the worker ant. Your grab misses the worker ant.
The worker ant bites you.
You take 3 damage, and have 41/44 hp.
You closely miss the worker ant. You grab the worker ant.
You constrict the worker ant. You block the worker ant's attack.
The worker ant barely misses you.
You hit the worker ant. You constrict the worker ant. The worker ant bites you.
You take 3 damage, and have 39/44 hp.
You hit the worker ant. You squeeze the worker ant.
You kill the worker ant!
You have reached level 7!
You regained 4 hp, and now have 43/49 hp.
MP restored: 7 You see here a worker ant corpse.
You butcher the worker ant corpse.
p - a chunk of flesh {@w0} You see here a hound corpse.
You butcher the hound corpse.
p - 4 chunks of flesh {@w0} (gained 3)
You see here a hound skeleton.
Autoeating chunks.
Eating one of 4 chunks of flesh {@w0}.
You eat one of the 4 chunks of flesh {@w0}.
d - 6 rations (gained 1)
You open the door.
There is an open door here.
A phantom comes into view.
You regained 2 hp, and now have 47/49 hp.
An orc comes into view. It is wielding a +0 whip.
The phantom blinks!
Your shield prevents you from hitting the orc.
You grab the orc. You constrict the orc. The orc barely misses you.
You block the orc's attack.
Health restored: 49 You hit the orc.
You kill the orc!
No target in view!
No target in view!
An orc comes into view. It is wielding a +0 flail.
You see here a +0 whip.
You slash the phantom!
The phantom hits you but does no damage.
The phantom misses you.
You barely miss the phantom.
The phantom blinks!
The phantom blinks!
An orc wizard comes into view. It is wielding a +0 dagger.
The phantom blinks!
An orc comes into view. It is wielding a +0 hand axe.
You barely miss the phantom. The phantom hits you!
You take 10 damage, and have 39/49 hp.
MASSIVE DAMAGE!!
You slash the phantom! Your squeeze misses the phantom.
The phantom blinks!
The orc shouts! x2; The orc wizard shouts!
The orc wizard casts a spell.
The orc wizard seems to speed up.
Found a stone staircase leading down.
You see here a +0 whip.
The orc wizard casts a spell at you. The puff of flame hits you!
You take 10 damage, and have 30/49 hp.
MASSIVE DAMAGE!!
The orc wizard mumbles some strange words.
The orc wizard flickers and vanishes!
Deactivating autopickup; reactivate with Ctrl-A.
You slash the orc!
You kill the orc!
You hear some strange, mumbled words.
A puff of flame appears from out of thin air!
The puff of flame hits you!
You take 9 damage, and have 21/49 hp.
Something hits you but does no damage.
Things that are here:
a +0 flail; an orc corpse You hit something.
You squeeze something.
You hear some strange, mumbled words.
A puff of flame appears from out of thin air!
The puff of flame hits you!
* * * LOW HITPOINT WARNING * * *
Something hits you.
* * * LOW HITPOINT WARNING * * *
You take 14 damage, and have 7/49 hp.
MASSIVE DAMAGE!!
You hit something but do no damage. You block something's attack.
Something hits you.
* * * LOW HITPOINT WARNING * * *
You take 3 damage, and have 4/49 hp.
You are feeling hungry.
Your shield prevents you from hitting something.
Something hits you but does no damage. Something hits you.
* * * LOW HITPOINT WARNING * * *
You take 1 damage, and have 3/49 hp.
You closely miss something. Your squeeze misses something. Something hits you.
* * * LOW HITPOINT WARNING * * *
You take 1 damage, and have 2/49 hp.
You barely miss something.
You hear some strange, mumbled words.
A puff of flame appears from out of thin air!
The puff of flame hits you!
You die...

...######### ...........#
###########. ...........#
#............ .....?.....#
#............. ...........#
#............. ...........#
#............. ...........#
#..........^..
..........o#####.............
#####+#...W{@..'.............
##.#######............. ....
#............. ###.#
#............. #.#
#............. >.
..........รท....
................
###...........##
###########.#


You could see a phantom and an orc.

Vanquished Creatures
  A slave (D:4)
  An ogre (D:3)
  A centaur skeleton (D:5)
  A hound (D:5)
  Jessica (D:2)
  2 orc wizards (D:2)
  2 worker ants
  9 adders
  An ooze (D:3)
  An adder skeleton (D:4)
  2 worms
  3 dart slugs
  2 leopard geckos
  12 orcs
  3 giant cockroaches (D:3)
  6 goblins
  9 hobgoblins
  4 jackals (D:2)
  7 kobolds
  A quokka (D:3)
  6 bats
  3 frilled lizards
  7 rats
85 creatures vanquished.

Notes
Turn   | Place    | Note
-------+----------+-------------------------------------------
     0 | D:1      | Firecrotchwizard the Octopode Fighter began the quest for
                  | the Orb.
     0 | D:1      | Reached XP level 1. HP: 16/16 MP: 1/1
    30 | D:1      | You fall into a shaft and drop 1 floor!
    31 | D:2      | Noticed Jessica
    38 | D:1      | Reached skill level 1 in Stealth
    38 | D:1      | Reached XP level 2. HP: 18/21 MP: 2/2
   348 | D:1      | Reached XP level 3. HP: 22/26 MP: 3/3
   846 | D:2      | Reached skill level 3 in Long Blades
   846 | D:2      | Reached skill level 2 in Stealth
  1051 | D:2      | Killed Jessica
  1051 | D:2      | Reached XP level 4. HP: 21/31 MP: 4/4
  1470 | D:2      | Reached skill level 3 in Stealth
  1470 | D:2      | Reached XP level 5. HP: 30/37 MP: 5/5
  1761 | D:3      | Reached skill level 4 in Long Blades
  1967 | D:2      | Reached skill level 4 in Fighting
  2317 | D:3      | Found a runed translucent gate.
  2318 | D:3      | Found a runed translucent gate.
  2318 | D:3      | Noticed dragoon's ghost (amateur OpCK)
  2319 | D:3      | Found a runed translucent gate.
  2608 | D:3      | Reached XP level 6. HP: 32/43 MP: 6/6
  2757 | D:3      | Found a white marble altar of Elyvilon.
  3140 | D:4      | Noticed a phantom
  3226 | D:4      | Reached skill level 4 in Stealth
  3718 | D:3      | Reached skill level 5 in Long Blades
  4004 | D:5      | Entered Level 5 of the Dungeon
  4004 | D:5      | Noticed a slave
  4007 | D:5      | Noticed Pikel
  4015 | D:4      | Killed a slave
  4177 | D:5      | Reached XP level 7. HP: 43/49 MP: 7/7
  4231 | D:5      | HP: 8/49 [something/puff of flame (13)]
  4233 | D:5      | HP: 3/49 [something (2)]
  4235 | D:5      | Killed from afar by an orc wizard

Levels and vault maps discovered:
D:1:      minmay_arrival_open_corners, layout_basic
D:2:      layout_loops_cross, first_ration, uniq_jessica
D:3:      layout_basic, ebering_ghost_rock_garden, elyvilon_altar_3
D:4:      layout_basic, kennysheep_little_box, uniq_menkaure
D:5:      layout_basic, uniq_pikel

Skill      XL: |  1  2  3  4  5  6 |
---------------+-------------------+-----
Stealth        | 1 2 3 4 |  4.0
Long Blades    | 3 4 5 |  5.3
Fighting       | 4 |  4.6
Dodging        | |  3.4
Shields        | |  3.0

Action                   |  1- 3 |  4- 6 |  7- 9 || total
-------------------------+-------+-------+-------++-------
Melee: Long sword        |    34 |   120 |    12 ||   166
       Constrict         |    12 |    34 |     1 ||    47
       Tentacles         |     6 |    29 |     1 ||    36
 Stab: Sleeping          |     5 |    11 |       ||    16
  Eat: Chunk             |       |     9 |     1 ||    10
Armor: Skin              |     8 |     4 |     1 ||    13
Dodge: Dodged            |    12 |    54 |     2 ||    68
Block: Shield            |     9 |    31 |     2 ||    42
       Rpst.: Long sword |     6 |    15 |       ||    21

Levels and vault maps discovered:
D:1:      minmay_arrival_open_corners, layout_basic
D:2:      layout_loops_cross, first_ration, uniq_jessica
D:3:      layout_basic, ebering_ghost_rock_garden, elyvilon_altar_3
D:4:      layout_basic, kennysheep_little_box, uniq_menkaure
D:5:      layout_basic, uniq_pikel

Table legend:
 A = Turns spent in this place as a percentage of turns spent in the entire game.
 B = Non-inter-level travel turns spent in this place as a percentage of non-inter-level travel turns spent in the entire game.
 C = Inter-level travel turns spent in this place as a percentage of turns spent in this place.
 D = Turns resting spent in this place as a percentage of non-inter-level travel turns spent in this place.
 E = Turns spent auto-exploring this place as a percentage of non-inter-level travel turns spent in this place.
 F = Non-inter-level travel turns spent in this place divided by the number of levels of this place that you've seen.
                   A       B       C       D       E      F
               +-------+-------+-------+-------+-------+----------------------
         Total | 100.0 | 100.0 |   6.3 |  30.9 |  54.1 | 794.0
       Dungeon | 100.0 | 100.0 |   6.3 |  30.9 |  54.1 | 794.0
               +-------+-------+-------+-------+-------+----------------------

Table legend:
 A = Kills in this place as a percentage of kills in entire the game.
 B = Kills by you in this place as a percentage of kills by you in the entire game.
 C = Kills by friends in this place as a percentage of kills by friends in the entire game.
 D = Other kills in this place as a percentage of other kills in the entire game.
 E = Experience gained in this place as a percentage of experience gained in the entire game.
 F = Experience gained in this place divided by the number of levels of this place that you have seen.
                   A       B       C       D       E      F
               +-------+-------+-------+-------+-------+----------------------
         Total | 100.0 | 100.0 |   N/A |   N/A | 100.0 | 129.4
       Dungeon | 100.0 | 100.0 |   N/A |   N/A | 100.0 | 129.4
               +-------+-------+-------+-------+-------+----------------------
